Map: 蓝移-天梯版

Players

Crow - Winner!

  • Race: Zerg Zerg
  • Spawn Location: 1:00

cloudy

  • Race: Protoss Protoss
  • Spawn Location: 7:00

Event: WCS Montreal 2018

VOD

Have the link to the VOD?

Description

Time

  • Played on: Sept. 7, 2018, 3:55 p.m.
  • Length: 10:04

All games in this series

Show
View Real Time Build Order
Export as new Build Order

Crow Zerg - Winner!

Build Orders: Hatch First 

Get SALT Encoding   

  12  0:00  Drone  
  13  0:12  Overlord  
  13  0:17  Drone  
  14  0:31  Drone x2  
  16  0:48  Hatchery  
  15  0:51  Drone  
  15  0:55  Drone  
  17  1:01  Drone  
  18  1:09  Extractor  
  17  1:16  Drone, Spawning Pool  
  17  1:20  Drone  
  18  1:29  Drone  
  19  1:39  Drone  
  20  1:50  Overlord  
  20  2:03  Queen x2  
  20  2:04  Zergling x4  
  26  2:12  Metabolic Boost  
  26  2:14  Drone x2  
  28  2:24  Drone  
  28  2:25  Drone  
  30  2:38  Queen x2  
  30  2:42  Overlord  
  34  2:47  Drone x2  
  36  3:01  Zergling x2  
  36  3:02  Zergling x2  
  36  3:03  Drone  
  39  3:07  Drone x2  
  39  3:09  Overlord  
  40  3:22  Overlord  
  40  3:25  Zergling x4  
  40  3:26  Zergling x4  
  44  3:38  Overlord  
  44  3:39  Spore Crawler  
  43  3:55  Hatchery  
  43  4:03  Zergling x4  
  43  4:04  Zergling x2  
  46  4:13  Spore Crawler  
  46  4:14  Spore Crawler  
  46  4:15  Spine Crawler  
  46  4:16  Spine Crawler  
  42  4:17  Spine Crawler x2  
  42  4:19  Zergling x4, Spine Crawler  
  42  4:20  Spine Crawler  
  42  4:21  Spine Crawler  
  42  4:23  Zergling x2  
  42  4:24  Zergling x2  
  41  4:32  Queen  
  43  4:42  Zergling x6  
  46  4:49  Zergling x4  
  48  4:56  Zergling x2  
  48  4:57  Zergling x2  
  51  5:07  Zergling x4  
  52  5:14  Zergling x4  
  53  5:22  Zergling x2  
  53  5:27  Zergling x2  
  53  5:33  Zergling x2  
  53  5:34  Queen  
  56  5:38  Zergling x2  
  57  5:46  Zergling x4  
  59  5:56  Zergling x2  
  59  5:57  Zergling x2  
  59  6:01  Zergling x4  
  51  6:09  Zergling x2  
  51  6:10  Zergling x2  
  46  6:17  Zergling x4  
  43  6:31  Zergling x4  
  38  6:37  Zergling x2  
  38  6:38  Zergling x2  
  40  6:45  Queen x2  
  44  6:52  Zergling x8  
  48  6:57  Zergling x2  
  48  6:58  Zergling x2  
  49  7:05  Zergling x2  
  48  7:11  Zergling x2  
  47  7:18  Zergling x4  
  49  7:25  Zergling x2  
  49  7:33  Zergling x2  
  47  7:39  Zergling x2  
  45  7:45  Zergling x2  
  45  7:48  Zergling x2  
  45  7:49  Queen x2  
  45  7:51  Zergling x2  
  51  8:02  Zergling x4  
  47  8:07  Zergling x6  
  47  8:09  Zergling x4  
  49  8:23  Zergling x4  
  49  8:24  Zergling x4  
  51  8:27  Zergling x2  
  51  8:31  Zergling x2  
  50  8:36  Zergling x2  
  51  8:42  Zergling x2  
  48  8:51  Zergling x2  
  48  8:55  Queen  
  47  8:58  Zergling x2  
  47  9:02  Zergling x2  
  47  9:08  Zergling x4  
  46  9:22  Drone x5  
  49  9:26  Drone  
  51  9:31  Drone  
  51  9:39  Drone x2  
  51  9:45  Zergling x2  
  53  9:57  Roach Warren  
Show
View Real Time Build Order
Export as new Build Order

cloudy Protoss 

Build Orders: 1 Gate Expand, Oracle Opening 

Get SALT Encoding   

  12  0:01  Probe  
  13  0:13  Probe  
  14  0:20  Pylon  
  14  0:25  Probe  
  15  0:35  Probe  
  15  0:39  Gateway  
  16  0:43  Probe  
  16  0:45  Assimilator  
  17  0:53  Probe  
  18  1:05  Probe  
  19  1:17  Probe  
  20  1:25  Nexus  
  20  1:35  Cybernetics Core  
  20  1:38  Probe  
  21  1:47  Assimilator  
  21  1:51  Probe  
  21  1:53  Pylon  
  22  2:03  Adept, Probe  
  25  2:17  Stargate, Probe  
  26  2:28  Warp Gate  
  26  2:29  Probe  
  27  2:33  Probe  
  27  2:35  Adept  
  30  2:41  Probe  
  30  2:42  Probe  
  31  2:51  Probe  
  31  2:54  Probe  
  31  2:57  Oracle  
  33  3:03  Probe  
  36  3:06  Probe  
  36  3:12  Gateway  
  38  3:15  Probe  
  38  3:18  Probe  
  38  3:21  Adept  
  40  3:27  Probe  
  40  3:28  Gateway  
  40  3:34  Probe, Twilight Council  
  42  3:39  Probe  
  43  3:46  Pylon  
  43  3:48  Probe  
  44  3:54  Void Ray  
  44  3:55  Shield Battery  
  44  3:58  Stalker  
  44  4:00  Shield Battery  
  50  4:13  Pylon  
  50  4:17  Shield Battery  
  50  4:19  Shield Battery  
  50  4:26  Pylon  
  50  4:30  Shield Battery  
  50  4:32  Stalker x2  
  50  4:34  Cybernetics Core  
  54  4:43  Stalker  
  56  4:47  Robotics Facility  
  56  4:48  Probe  
  56  4:49  Probe  
  58  4:57  Stalker  
  58  4:58  Stalker  
  62  5:05  Shield Battery  
  62  5:12  Stalker  
  64  5:20  Gateway  
  64  5:21  Zealot  
  64  5:22  Gateway  
  64  5:24  Sentry  
  64  5:25  Gateway  
  68  5:32  Shield Battery  
  68  5:36  Pylon  
  68  5:45  Immortal  
  68  5:46  Pylon  
  68  5:48  Pylon  
  55  6:12  Zealot  
  55  6:15  Immortal  
  55  6:17  Stalker x2  
  62  6:28  Shield Battery  
  62  6:30  Zealot  
  52  6:41  Zealot x2  
  54  6:52  Oracle  
  52  7:00  Probe x2  
  59  7:08  Probe  
  59  7:09  Probe  
  59  7:12  Shield Battery  
  59  7:16  Probe  
  59  7:17  Probe  
  59  7:19  Sentry, Zealot x2  
  67  7:29  Probe  
  65  7:31  Probe  
  65  7:35  Oracle  
  68  7:37  Zealot  
  68  7:46  Probe x2  
  70  7:52  Pylon  
  70  7:53  Pylon  
  70  8:02  Zealot x2  
  60  8:15  Stalker x2  
  60  8:20  Pylon  
  60  8:33  Adept x2  
  64  8:38  Robotics Facility  
  60  8:43  Zealot x2  
  62  8:53  Zealot x2  
  57  8:55  Oracle  
  55  9:04  Stalker, Shield Battery  
  55  9:06  Zealot  
  51  9:18  Warp Prism  
  49  9:25  Sentry, Zealot  
  55  9:40  Probe  
  56  9:49  Pylon  
  56  9:51  Pylon  
Tags
 
Add a new tag
Caveats
  • Supply blocks, unpowered buildings, or Contaminate may cause inaccurate times.
  • Supply counts are checked every 10 seconds.